 Dungeon Crawl Stone Soup version 0.29.1-15-g9cfb28693d (webtiles) character file.

Game seed: 4130534312642982259

1006 leafyfresh the Covert (level 8, -1/54 HPs)
             Began as an Octopode Delver on Feb 25, 2023.
             Slain by an ice beast (13 damage)
             ... on level 6 of the Dungeon.
             The game lasted 00:07:22 (6018 turns).

leafyfresh the Covert (Octopode Delver)             Turns: 6018, Time: 00:07:23

Health: -1/54      AC:  1    Str: 11    XL:     8   Next: 20%
Magic:  8/8        EV: 14    Int: 15    God:
Gold:   311        SH:  0    Dex: 13    Spells: 7/7 levels left

rFire   . . .      SeeInvis .   B - +2 dagger (flame)
rCold   . . .      Faith    .   (no shield)
rNeg    . . .      Spirit   .   (helmet restricted)
rPois   .          Reflect  .   w - amulet of regeneration
rElec   .          Harm     .   s - ring of wizardry
rCorr   +          Rampage  .   u - ring of resist corrosion
Will    .....                   (no ring)
Stlth   ++++++....              (no ring)
HPRegen 0.98/turn               (no ring)
MPRegen 0.11/turn               (no ring)
                                (no ring)
                                (no ring)

@: no status effects
A: almost no armour, amphibious, 8 rings, camouflage 1, gelatinous body 1,
(nimble swimmer 1), tentacles
a: no special abilities


You were on level 6 of the Dungeon.
You visited 2 branches of the dungeon, and saw 7 of its levels.

You collected 311 gold pieces.

Inventory:

Hand Weapons
 a - a +0 short sword
 q - a +1 dagger of venom
 B - a +2 dagger of flaming (weapon)
Armour
 x - a +0 buckler
Jewellery
 s - a ring of wizardry (left tentacle)
 u - a ring of resist corrosion (right tentacle)
 w - an amulet of regeneration (around mantle)
Wands
 f - a wand of digging (3)
 p - a wand of polymorph (6)
 t - a wand of roots (11)
 D - a wand of mindburst (17)
Scrolls
 b - 2 scrolls of fog
 c - 4 scrolls of magic mapping
 d - 2 scrolls of fear
 g - 3 scrolls of identify {unknown}
 h - 2 scrolls of enchant weapon {unknown}
 k - 3 scrolls of vulnerability {unknown}
 l - a scroll of enchant armour {unknown}
 m - 2 scrolls of teleportation {unknown}
 o - a scroll of brand weapon {unknown}
 v - a scroll of amnesia {unknown}
 y - a scroll of torment {unknown}
 z - 2 scrolls of blinking {unknown}
Potions
 e - a potion of haste
 i - 2 potions of heal wounds {unknown}
 j - 4 potions of curing {unknown}
 n - 2 potions of attraction {unknown}
 r - a potion of might {unknown}
 A - 2 potions of mutation {unknown}
 C - a potion of ambrosia {unknown}
 E - a potion of degeneration {unknown}


   Skills:
 + Level 4.7 Fighting
 - Level 2.0 Short Blades
 + Level 4.1 Dodging
 - Level 12.5 Stealth


You had 7 spell levels left.
You didn't know any spells.
Your spell library contained the following spells:

 Spells                   Type           Power      Damage    Failure   Level
 Gell's Gravitas          Tloc           0%         N/A       32%         3
 Lesser Beckoning         Tloc           0%         N/A       32%         3
 Teleport Other           Tloc           0%         N/A       32%         3
 Leda's Liquefaction      Hex/Erth       0%         N/A       69%         4
 Borgnjor's Vile Clutch   Necr/Erth      0%         N/A       95%         5
 Lee's Rapid Deconstruct  Erth           0%         3d5*      95%         5


Dungeon Overview and Level Annotations

Branches:
Dungeon (6/15)             Temple (1/1) D:6

Altars:
Fedhas
Hepliaklqana
Makhleb
Okawaru
Qazlal
Uskayaw
Vehumet
Wu Jian
Xom
Yredelemnul
The Shining One

Shops:
D:4 =[*=:

Annotations:
D:5 2 transporters


Innate Abilities, Weirdness & Mutations

You cannot wear most types of armour.
You are amphibious.
You can wear up to eight rings at the same time.
Your skin changes colour to match your surroundings (Stealth+).
Your rubbery body absorbs attacks. (AC +1, EV +1)
((You are camouflaged when in or above water. (Stealth+)))
You have tentacles for arms and can constrict up to eight enemies at once.


Message History

You hit the ice beast.
You melt the ice beast.
The ice beast is severely wounded.
The ice beast barely misses you.
You completely miss the ice beast.
You squeeze the ice beast, but do no damage.
The ice beast is severely wounded.
The ice beast misses you.
You hit the ice beast but do no damage.
The ice beast is severely wounded.
The ice beast closely misses you.
You hit the ice beast but do no damage.
The ice beast is severely wounded.
The ice beast hits you. The ice beast freezes you!
You closely miss the ice beast. Your squeeze misses the ice beast.
The ice beast is severely wounded.
The ice beast misses you.
You barely miss the ice beast.
The ice beast is severely wounded.
The ice beast misses you.
You barely miss the ice beast.
The ice beast is severely wounded.
The ice beast barely misses you.
You hit the ice beast but do no damage.
The ice beast is severely wounded.
The ice beast hits you. The ice beast freezes you!
* * * LOW HITPOINT WARNING * * *
You barely miss the ice beast. You squeeze the ice beast.
The ice beast is severely wounded.
The ice beast barely misses you.
You hit the ice beast but do no damage. Your squeeze misses the ice beast.
The ice beast is severely wounded.
You closely miss the ice beast.
The ice beast is severely wounded.
The ice beast closely misses you.
You barely miss the ice beast.
The ice beast is severely wounded.
The ice beast hits you.
* * * LOW HITPOINT WARNING * * *
The ice beast freezes you!
You die...

#..###..#...###########
#..###......# #..
#......###..# #.#
#.###### #..# ####.#
#.....# #.... #....#
#####.#####..## #.####
#.#... ... #.....
#.#.###.#. ######
#.@....... ###Y######
... ####


You could see an ice beast.

Vanquished Creatures
  A steam dragon (D:6)
  2 black bears
  A centaur (D:5)
  A phantom (D:4)
  A bullfrog (D:4)
  2 necrophages
  A gnoll bouda (D:4)
  A hound (D:6)
  Ijyb (D:3)
  Robin (D:4)
  4 gnolls (D:4)
  8 adders
  2 shadow imps (D:6)
  A white imp (D:6)
  4 dart slugs
  5 orcs
  10 ball pythons
  7 endoplasms
  6 giant cockroaches
  22 goblins
  10 hobgoblins
  3 jackals (D:3)
  4 quokkas
  5 bats
  6 frilled lizards
  11 kobolds
  7 rats
127 creatures vanquished.

Vanquished Creatures (others)
  11 plants (D:4)
11 creatures vanquished.

Grand Total: 138 creatures vanquished

Notes
Turn   | Place    | Note
-------+----------+-------------------------------------------
     0 | D:5      | leafyfresh the Octopode Delver began the quest for the Orb.
     0 | D:5      | Reached XP level 1. HP: 16/16 MP: 1/1
    13 | D:5      | Found a transporter.
    16 | D:5      | Noticed an electric eel
    16 | D:5      | Noticed an electric eel
    35 | D:5      | Noticed an electric eel
    39 | D:5      | Found a transporter.
    63 | D:5      | Reached skill level 7 in Stealth
    63 | D:5      | Reached XP level 2. HP: 17/21 MP: 2/2
   307 | D:5      | Noticed a centaur
   314 | D:5      | Killed a centaur
   315 | D:5      | Reached skill level 9 in Stealth
   315 | D:5      | Reached XP level 3. HP: 25/26 MP: 3/3
   315 | D:5      | Reached XP level 4. HP: 30/31 MP: 4/4
   371 | D:5      | Found a stormy altar of Qazlal.
   614 | D:5      | Noticed a necrophage
   622 | D:5      | Killed a necrophage
   623 | D:5      | Reached XP level 5. HP: 36/36 MP: 5/5
   674 | D:5      | Noticed a black bear
   680 | D:5      | Reached skill level 10 in Stealth
   683 | D:5      | Killed a black bear
   684 | D:5      | Reached XP level 6. HP: 19/42 MP: 6/6
   959 | D:4      | Found Gaacud's Jewellery Shop.
  1006 | D:6      | Reached skill level 11 in Stealth
  1061 | D:6      | Found a staircase to the Ecumenical Temple.
  1089 | Temple   | Entered the Ecumenical Temple
  1325 | D:6      | Noticed a steam dragon
  1326 | D:6      | Noticed a black bear
  1330 | D:6      | Killed a steam dragon
  1331 | D:6      | Reached skill level 12 in Stealth
  1331 | D:6      | Reached XP level 7. HP: 39/46 MP: 7/7
  1340 | D:6      | HP: 2/46 [black bear (7)]
  2041 | D:4      | Found Woim's Book Shop.
  2054 | D:4      | Found Vaager's Jewellery Shop.
  2054 | D:4      | Found Puilu's General Store.
  2061 | D:4      | Found Kiunon's Antique Armour Shop.
  2995 | D:3      | Noticed Ijyb
  3012 | D:3      | Killed Ijyb
  3912 | D:2      | Identified the +2 robe "Qaithasi" {Fly Regen+ Dex+2}
  4200 | D:2      | Got the Opusculum on Peregrination and the Ground
  4740 | D:1      | Found a faded altar of an unknown god.
  5017 | D:4      | Noticed Robin
  5036 | D:4      | Killed Robin
  5351 | D:4      | Reached XP level 8. HP: 54/54 MP: 8/8
  5596 | D:4      | Found a basalt altar of Yredelemnul.
  6018 | D:6      | Slain by an ice beast

Illustrated notes

Levels and vault maps discovered:
D:1:      dreamdust_arrival_beginning_and_end, layout_rooms,
          hellmonk_ecumenical_altar_inner_sanctum
D:2:      layout_basic
D:3:      kennysheep_goblin_castle, layout_loops_corners, st_stairs_3
D:4:      layout_basic, kennysheep_little_box, nicolae_take_the_stairs,
          hangedman_decor_growths, minmay_shop_grid_forest,
          hangedman_abyss_or_decor_passed, kennysheep_boxes, uniq_robin
D:5:      gammafunk_steamed_eel, layout_basic, mainiacjoe_overflow_brackets,
          nrook_uturn, chequers_serial_rivers_room_a,
          chequers_serial_rivers_micro_d, hangedman_decor_lopped,
          skrybe_limestone_x
D:6:      layout_basic, led_sif_book, minmay_temple_entry_grid
Temple:   hellmonk_temple_beads

Skill      XL: |  1  2  3  4  5  6  7  8 |
---------------+-------------------------+-----
Stealth        | 7 9 10 12 | 12.5
Dodging        | 3 4 |  4.1
Fighting       | 4 |  4.7
Short Blades   | |  2.0

Action                   |  1- 3 |  4- 6 |  7- 9 || total
-------------------------+-------+-------+-------++-------
Melee: Short sword       |    12 |    19 |    51 ||    82
       Constrict         |     2 |     4 |    46 ||    52
       Tentacles         |     1 |    10 |    46 ||    57
       Punch             |     1 |       |     2 ||     3
       Dagger            |       |       |   202 ||   202
  Use: Scroll            |       |       |     1 ||     1
 Stab: Sleeping          |     1 |     3 |    53 ||    57
       Distracted        |       |       |     1 ||     1
Armor: Skin              |       |     2 |     9 ||    11
Dodge: Dodged            |     8 |    16 |   140 ||   164
